Unix xNetHack Version 8.0.0 - last build Mar 23 2024 02:42:02 (1964348d4f5f1cf1067ea9968e02252fcc83c468). Game began 2024-04-01 13:31:17, ended 2024-04-01 18:02:29. Catomat, neutral female human Wizard ----------- #..........| #|.........| ----- #------.---- +....# @ ## |...|# r # #-...|# # #|...|## # #|...| # # #----- # ## ## # # ## # # # # #%########## #### -|--------# #---- |........|# #.*~| |........|# |..| |<.......|#########-..| |........-# ---- ---------- Catomat the Conjurer St:3 Dx:13 Co:13 In:18 Wi:11 Ch:11 Neutral S:1429 Dlvl:4 $:775 HP:17(27) Pw:40(40) AC:9 Exp:4 T:1791 Latest messages: o - a runed dagger {10}. What do you want to drop? [$a-ps-vT or ?*] You drop a runed dagger {10}. There is an open door here. You see here a runed dagger. There is an open door here. You see here a runed dagger. o - a runed dagger {10}. What do you want to wield? [- ajo or ?*] o - a runed dagger (weapon in hand) {10}. You are bare handed. o - a runed dagger (alternate weapon; not wielded) {10}. What do you want to wield? [- ajo or ?*] a - a blessed +1 quarterstaff (weapon in hands) {40}. Mewmew bites it. It misses Mewmew. Mewmew bites the dwarf zombie. The dwarf zombie scratches you! Mewmew misses the dwarf zombie. You miss the dwarf zombie. Mewmew bites the dwarf zombie. The dwarf zombie is destroyed! You see here a dwarf corpse. You swap places with Mewmew. You find a hidden door. This door is locked. Unlock it with your key? [ynq] (q) You succeed in unlocking the door. The door opens. You kill the homunculus! There is an open door here. You see here a homunculus corpse. There is a homunculus corpse here; eat it? [ynq] (n) Ecch - that must have been poisonous! You finish eating the homunculus corpse. You feel healthy. You see here 2 violet gems. You pound the rock mole. You miss the rock mole. You miss the rock mole. You lack the strength to cast spells. You miss the rock mole. The rock mole bites! You lack the strength to cast spells. You miss the rock mole. You lack the strength to cast spells. # Really quit? (This will end your game permanently!) [yn] (n) Do you want your possessions identified? [ynq] (y) Do you want to see your attributes? [ynq] (y) Inventory: Inventory: 376/450 weight (21/52 slots) Coins $ - 775 gold pieces {8} Amulets i - an uncursed silver amulet of unchanging {25} Weapons o - a +0 elven dagger (alternate weapon; not wielded) {10} j - a +0 bone orcish dagger {3} a - a blessed +1 quarterstaff (weapon in hands) {40} Armor k - an uncursed +0 orcish helm {30} p - an uncursed +0 orcish helm {30} b - an uncursed +0 cloak of magic resistance (being worn) {8} t - an uncursed +0 plastic Hawaiian shirt with a sea turtle motif {10} Comestibles m - an uncursed lembas wafer {5} s - a blessed tin of dried lichen {10} n - 2 uncursed tins of spinach {20} Scrolls u - an uncursed scroll of fire {5} Spellbooks f - an uncursed spellbook of detect monsters {45} c - a blessed spellbook of force bolt {35} e - an uncursed spellbook of knock {35} d - a blessed spellbook of magic missile {40} Rings h - an uncursed ring of regeneration {3} Wands l - a blessed wand of cancellation (0:7) {7} Tools T - an uncursed blindfold {2} g - a magic marker (0:65) {2} v - an uncursed skeleton key {3} Catomat the Wizard's attributes: Background: You were a Conjurer, a level 4 female human Wizard. You were neutral, nominally on a mission for Thoth who was opposed by Ptah (lawful) and Anhur (chaotic). You were heterosexual. You were in the Dungeons of Doom, on level 4. You entered the dungeon 1791 turns ago. You had 121 experience points, 39 more were needed to attain level 5. Your score was 1429 before end-of-game adjustments. Basics: You had 17 out of 27 hit points. You had all 40 energy points (spell power). Your armor class was 9. Your wallet contained 775 zorkmids. Autopickup was on for '$"?!=/' plus thrown. Final Characteristics: Your strength was 3 (peak:10, limit:18/100). Your dexterity was 13 (limit:18). Your constitution was 13 (limit:18). Your intelligence was 18 (limit:18). Your wisdom was 11 (limit:18). Your charisma was 11 (limit:18). Final Status: You were not hungry. You were unencumbered. You were wielding a quarterstaff. You had basic skill with quarterstaff. Final Attributes: You were devoutly aligned. You were magic-protected. You were poison resistant. You were telepathic. You were warded. You survived. Miscellaneous: You never encountered a bones level. Total elapsed playing time was 58 minutes and 9 seconds. Major events: Turn 1: Catomat the neutral female human Wizard entered the dungeon 784: attained the rank of Conjurer (level 3) 1147: entered the Gnomish Mines 1791: quit Vanquished creatures: a small mimic a shrieker a floating eye a homunculus a dwarf zombie a coyote a hobbit a cave spider 2 yellow molds a red mold a gecko 2 jackals 2 kobolds 2 goblins 4 grid bugs 4 lichens 3 newts 29 creatures vanquished. No species were genocided or became extinct. Voluntary challenges: You were an atheist. You were illiterate. You never genocided any monsters. You never polymorphed an object. You never changed form. You never touched an artifact. You used no wishes. You never scared an enemy with impunity. You were celibate. You never generated conflict. Achievements: You attained the rank of Conjurer. You entered the Gnomish Mines. You entered a shop. Dungeon overview: The Dungeons of Doom: levels 1 to 4 Level 1: A tree. Level 2: A general store, a fountain. Stairs down to The Gnomish Mines. Level 3: A general store. Level 4: <- You were here. The Gnomish Mines: Level 3: Goodbye Catomat the Wizard... You quit in The Dungeons of Doom on dungeon level 4 with 1429 points, and 775 pieces of gold, after 1791 moves. You were level 4 with a maximum of 27 hit points when you quit.